 Dungeon Crawl Stone Soup version 0.31.0-32-g396128a36d (webtiles) character file.

Game seed: 16281656186048898706

19374 PhantomBowie the Fighter (level 12, -22/80 HPs)
             Began as a Gargoyle Berserker on Apr 20, 2024.
             Was a High Priest of Trog.
             Killed from afar by a gargoyle (29 damage)
             ... with a stone arrow
             ... in a Gauntlet.
             The game lasted 00:43:48 (12954 turns).

PhantomBowie the Fighter (Gargoyle Berserker)      Turns: 12954, Time: 00:43:49

Health: -22/80     AC: 26    Str: 26    XL:     12   Next: 68%
Magic:  12/12      EV:  8    Int:  8    God:    Trog [*****.]
Gold:   901        SH:  9    Dex:  9    Spells: 11/11 levels left

rFire   + + .        d - +4 flail
rCold   . . .        L - +0 kite shield
rNeg    + + .        K - +0 plate armour of Ricyjo Akhle {^Drain rN+ SInv}
rPois   ∞            h - +0 helmet
rElec   +            (no cloak)
rCorr   .            Q - +0 pair of gloves {hurl}
SInv    +            (no boots)
Will    .....        (no amulet) Stlth
                     s - ring of protection from fire
HPRegen 0.33/turn    E - ring of protection from fire
MPRegen 0.13/turn

%: no teleportation
@: on berserk cooldown, slowed, very slow
A: sickness immunity, AC +8, negative energy resistance 1, electricity
resistance, torment resistance 1, petrification resistance
a: Renounce Religion, Berserk, Trog's Hand, Brothers in Arms


You were in a Gauntlet.
You worshipped Trog.
Trog was extremely pleased with you.
You visited 3 branches of the dungeon, and saw 13 of its levels.
You also visited: Gauntlet.

You collected 901 gold pieces.

Inventory:

Hand Weapons
 d - a +4 flail (weapon)
 P - a +4 antimagic great mace
Missiles
 y - a throwing net (quivered)
Armour
 h - a +0 helmet (worn)
 K - the +0 plate armour of Ricyjo Akhle (worn) {^Drain rN+ SInv}
   (You found it on level 9 of the Dungeon)

   rN+:       It protects you from negative energy.
   SInv:      It lets you see invisible.
   ^Drain:    It drains your maximum health when unequipped.
 L - a +0 kite shield (worn)
 Q - a +0 pair of gloves of hurling (worn)
Jewellery
 s - a ring of protection from fire (left hand)
 D - a ring of positive energy
 E - a ring of protection from fire (right hand)
Wands
 a - a wand of flame (35)
 H - a wand of iceblast (7)
 I - a wand of polymorph (14)
 M - a wand of paralysis (2)
Scrolls
 e - 4 scrolls of fear
 f - 3 scrolls of torment
 i - 2 scrolls of immolation
 j - 2 scrolls of noise
 k - 8 scrolls of teleportation
 m - 2 scrolls of silence
 n - 2 scrolls of enchant armour {unknown}
 o - 2 scrolls of enchant weapon {unknown}
 v - 2 scrolls of amnesia {unknown}
 x - 3 scrolls of butterflies
 C - a scroll of vulnerability {unknown}
 J - a scroll of revelation {unknown}
 N - 2 scrolls of fog {unknown}
 O - a scroll of brand weapon {unknown}
Potions
 b - 4 potions of degeneration
 c - 2 potions of heal wounds
 l - 3 potions of haste
 p - 2 potions of invisibility {unknown}
 q - 2 potions of mutation {unknown}
 r - 2 potions of attraction {unknown}
 t - 5 potions of curing
 u - 2 potions of magic {unknown}
 w - 2 potions of brilliance {unknown}
 z - 2 potions of lignification {unknown}
 A - a potion of might {unknown}
 B - a potion of resistance {unknown}
 F - 2 potions of cancellation {unknown}
 G - a potion of enlightenment {unknown}


   Skills:
 + Level 11.0 Fighting
 + Level 10.1 Maces & Flails
 + Level 10.7 Armour
 + Level 7.2 Dodging
 + Level 6.8 Shields
 - Level 6.0 Evocations


You had 11 spell levels left.
You didn't know any spells.
Your spell library was empty.

Dungeon Overview and Level Annotations

Branches:
Dungeon (10/15)            Temple (1/1) D:4            Lair (2/5) D:8
Gauntlet (1/1)
  Swamp: Lair:2-3    Shoals: Lair:2-3     Snake: Lair:2-3    Spider: Lair:2-3
    Orc: D:9-12

Altars:
Ashenzari
Cheibriados
Dithmenos
Elyvilon
Fedhas
Gozag
Hepliaklqana
Kikubaaqudgha
Makhleb
Nemelex Xobeh
Okawaru
Qazlal
Ru
Sif Muna
Trog
Uskayaw
Vehumet
Wu Jian
Xom
Yredelemnul
Zin
The Shining One

Shops:
D:4 (:==

Annotations:
Gauntlet 8 transporters, 1 runed translucent door


Innate Abilities, Weirdness & Mutations

You are immune to sickness and miasma.
Your stone body is resilient. (AC +8)
You are immune to poison.
You resist negative energy. (rN+)
You are resistant to electric shocks. (rElec)
You are resistant to unholy torment.
You are immune to petrification.


Message History

* * * LOW HITPOINT WARNING * * *
You feel a strong urge to attack something.
You are no longer berserk.
You are exhausted.
You feel yourself slow down.
You feel much better. The gargoyle hits you with a +0 flail.
The gargoyle hits you but does no damage.
You hit the gargoyle but do no damage. You hit the gargoyle but do no damage.
You sock the molten gargoyle!
The molten gargoyle is moderately damaged.
The molten gargoyle hits you with a +0 flail!
You are engulfed in flames.
You resist.
You hit the molten gargoyle.
The molten gargoyle is moderately damaged.
The molten gargoyle hits you but does no damage.
You block the molten gargoyle's attack.
You hit the molten gargoyle but do no damage.
The molten gargoyle is moderately damaged.
The molten gargoyle hits you but does no damage.
You hit the molten gargoyle.
The molten gargoyle is heavily damaged.
You block the molten gargoyle's attack.
The molten gargoyle hits you with a +0 flail!
* * * LOW HITPOINT WARNING * * *
You are engulfed in flames.
You resist.
* * * LOW HITPOINT WARNING * * *
You hit the molten gargoyle.
The molten gargoyle is heavily damaged.
The molten gargoyle blasts magma at you!
The bolt of magma hits you! You partially resist.
* * * LOW HITPOINT WARNING * * *
You thump the molten gargoyle!
You destroy the molten gargoyle!
Trog accepts your kill. The gargoyle barely misses you.
You hit the gargoyle but do no damage.
The gargoyle hurls a stone arrow at you.
The stone arrow hits you!!
You die...

###############
##########≈#§#≈#≈#≈#≈#≈##
#≈#≈#≈#≈#...............##
......§........8......8.§#
..8.....8...............##
..........###########...§#
#######...#.........#...##
.8#8..#...#9)##9##..#...≈#
..8..[#####.#9.#@.#"#...##
.8.8.)#...#.#†©#..#$#...≈#
8.©.8©#©8©#..#####.©#.8.##
.8.8..#...#.#..#..#.#...≈#
..8...#####.#..#..#)#...##
.8#8..#...#..##.##..#...≈#
#######...#.........#...##
..........###########...≈#
..8.....8...............##


You could see a gargoyle.

Vanquished Creatures
  2 catoblepae
  A ghost crab (Gauntlet)
  2 two-headed ogres
  A skyshark (D:8)
  A black mamba (Lair:1)
  2 centaur zombies (D:10)
  A molten gargoyle (Gauntlet)
  A torpor snail (Lair:1)
  A centaur skeleton (D:10)
  4 cane toads (Lair:1)
  A gargoyle (D:9)
  A rime drake (Lair:1)
  4 komodo dragons
  2 unseen horror skeletons (D:10)
  4 polar bears
  4 blink frogs (Lair:1)
  2 dream sheep (Lair:1)
  A wyvern (D:9)
  A wraith (D:9)
  2 basilisks (Lair:1)
  18 yaks
  3 steam dragons
  An acid dragon (D:9)
  6 water moccasins
  3 ice beasts
  An orc warrior (D:7)
  A sky beast (D:7)
  A black bear (D:4)
  4 ogres
  3 centaurs (D:8)
  A phantom (D:6)
  3 kobold brigands
  Blork the orc (D:6)
  5 bullfrogs
  4 scorpions
  A gnoll sergeant (D:8)
  2 burial acolytes (D:10)
  12 wights
  4 killer bees (D:7)
  3 howler monkeys
  2 bombardier beetles (D:4)
  3 hounds
  A human zombie (D:10)
  2 jellies (D:5)
  7 orc priests
  2 sleepcaps
  3 iguanas
  6 orc wizards
  Natasha (thrice) (D:2)
  7 hell rats (Lair:2)
  A howler monkey zombie (D:10)
  Robin (D:2)
  6 gnolls
  3 river rats (D:5)
  11 adders
  A shadow imp (D:8)
  A white imp (D:5)
  4 ufetubi
  7 ribbon worms
  3 dart slugs
  19 orcs
  11 ball pythons
  5 bats
  6 endoplasms
  7 giant cockroaches
  13 goblins
  17 hobgoblins
  4 jackals (D:1)
  21 kobolds
  3 quokkas
  6 frilled lizards
  10 rats
311 creatures vanquished.

Vanquished Creatures (others)
  A molten gargoyle (Gauntlet)
1 creature vanquished.

Grand Total: 312 creatures vanquished

Notes
Turn   | Place    | Note
-------+----------+-------------------------------------------
     0 | D:1      | PhantomBowie the Gargoyle Berserker began the quest for the
                  | Orb.
     0 | D:1      | Reached XP level 1. HP: 14/14 MP: 1/1
    83 | D:1      | Reached XP level 2. HP: 14/19 MP: 2/2
   202 | D:1      | Reached XP level 3. HP: 18/23 MP: 3/3
   320 | D:1      | Reached ** piety under Trog
   660 | D:2      | Noticed Natasha
   664 | D:2      | Killed Natasha
   665 | D:2      | Reached XP level 4. HP: 29/29 MP: 4/4
   698 | D:2      | Noticed Robin
   711 | D:2      | Killed Robin
   712 | D:2      | Reached skill level 4 in Fighting
  1130 | D:2      | Noticed Natasha
  1145 | D:2      | Killed Natasha
  1146 | D:2      | Reached XP level 5. HP: 9/33 MP: 5/5
  1306 | D:2      | Noticed Natasha
  1316 | D:2      | Killed Natasha
  1838 | D:2      | Reached *** piety under Trog
  1963 | D:3      | Found a bloodstained altar of Trog.
  1994 | D:3      | Reached XP level 6. HP: 19/39 MP: 6/6
  2627 | D:3      | Found an iron altar of Okawaru.
  2767 | D:4      | Found a basalt altar of Yredelemnul.
  2804 | D:4      | Found Oqeyl's Jewellery Shoppe.
  2841 | D:4      | Reached skill level 5 in Fighting
  2841 | D:4      | Reached XP level 7. HP: 44/44 MP: 7/7
  2853 | D:4      | Found a staircase to the Ecumenical Temple.
  2854 | D:4      | Found Noagouc's Book Shop.
  3026 | Temple   | Entered the Ecumenical Temple
  3132 | D:4      | Found a radiant altar of Vehumet.
  3182 | D:4      | Found Tutil's Jewellery Emporium.
  3197 | D:4      | Reached **** piety under Trog
  3198 | D:4      | Reached skill level 5 in Maces & Flails
  3388 | D:4      | Reached skill level 5 in Armour
  3584 | D:4      | Reached XP level 8. HP: 46/51 MP: 8/8
  3593 | D:4      | Found Oxoabren's Antique Weapon Shop.
  3791 | D:4      | Found an ornate altar of the Wu Jian Council.
  3836 | D:5      | Entered Level 5 of the Dungeon
  3850 | D:5      | Identified the +5 dagger of Precise Incision {freeze, rElec
                  | Will+}
  3918 | D:5      | Reached skill level 6 in Fighting
  4268 | D:5      | Found a white marble altar of Elyvilon.
  5129 | D:6      | Reached skill level 1 in Evocations
  5202 | D:6      | Noticed Blork the orc
  5216 | D:6      | Killed Blork the orc
  5217 | D:6      | Reached XP level 9. HP: 41/56 MP: 9/9
  5465 | D:6      | Reached skill level 7 in Fighting
  5472 | D:6      | Reached skill level 5 in Dodging
  5708 | D:6      | Reached ***** piety under Trog
  6818 | D:7      | Noticed a komodo dragon
  6827 | D:7      | Killed a komodo dragon
  6828 | D:7      | Reached skill level 8 in Fighting
  6828 | D:7      | Reached XP level 10. HP: 15/64 MP: 10/10
  7192 | D:7      | Found an opulent altar of Gozag.
  7376 | D:8      | Found a staircase to the Lair.
  7461 | D:8      | Found a glowing silver altar of Zin.
  7665 | D:8      | Found a burning altar of Makhleb.
  7691 | D:8      | Noticed a two-headed ogre
  7699 | D:8      | Killed a two-headed ogre
  7839 | D:8      | Received a gift from Trog
  8164 | D:8      | Found a stormy altar of Qazlal.
  8267 | D:9      | Reached skill level 1 in Shields
  8276 | D:9      | Identified the +0 plate armour of Ricyjo Akhle {^Drain rN+
                  | SInv}
  8793 | D:8      | Reached skill level 9 in Fighting
  8879 | D:8      | Reached skill level 5 in Evocations
  8879 | D:8      | Reached XP level 11. HP: 60/71 MP: 11/11
  9066 | D:9      | Found a glowing golden altar of the Shining One.
  9144 | D:9      | Found a shadowy altar of Dithmenos.
  9281 | D:9      | Found a blossoming altar of Fedhas.
  9297 | D:10     | Entered Level 10 of the Dungeon
  9517 | D:10     | Noticed a two-headed ogre
  9531 | D:10     | Killed a two-headed ogre
 10175 | D:10     | Found a shimmering blue altar of Sif Muna.
 10243 | D:10     | Found an ancient bone altar of Kikubaaqudgha.
 10524 | Lair:1   | Entered Level 1 of the Lair of Beasts
 10684 | Lair:1   | Reached skill level 10 in Fighting
 10789 | Lair:1   | Reached skill level 5 in Shields
 10791 | Lair:1   | Noticed a skyshark
 10809 | D:8      | Killed a skyshark
 10930 | D:8      | Reached skill level 10 in Armour
 10930 | D:8      | Reached XP level 12. HP: 50/77 MP: 12/12
 11147 | Lair:1   | Noticed a catoblepas
 11169 | Lair:1   | Killed a catoblepas
 12335 | Lair:1   | Reached skill level 10 in Maces & Flails
 12564 | Lair:2   | Found a gate leading to a gauntlet.
 12580 | Lair:2   | Received a gift from Trog
 12786 | Gauntlet | Entered a Gauntlet
 12786 | Gauntlet | Found a transporter.
 12795 | Gauntlet | Found a transporter.
 12798 | Gauntlet | Found a transporter.
 12801 | Gauntlet | Found a transporter.
 12801 | Gauntlet | Noticed an entropy weaver
 12802 | Gauntlet | Found a transporter.
 12803 | Gauntlet | Found a transporter.
 12809 | Gauntlet | Found a runed translucent door.
 12810 | Gauntlet | Noticed a quicksilver ooze
 12812 | Gauntlet | Found a transporter.
 12830 | Gauntlet | Found a transporter.
 12848 | Gauntlet | Found a transporter.
 12852 | Gauntlet | Found a transporter.
 12852 | Gauntlet | Noticed a ghost crab
 12860 | Gauntlet | Found a transporter.
 12880 | Gauntlet | Killed a ghost crab
 12903 | Gauntlet | Noticed a catoblepas
 12935 | Gauntlet | Killed a catoblepas
 12936 | Gauntlet | Reached skill level 11 in Fighting
 12954 | Gauntlet | Killed from afar by a gargoyle

Illustrated notes

Levels and vault maps discovered:
D:1:      dpeg_arrival_long_road, layout_rooms, serial_glass, glass_columns_b,
          glass_columns_a, st_stairs_5
D:2:      layout_basic, serial_aquarium, aquarium_bridge_straight
          [aquarium_subvault_bridge, aquarium_subvault_wall,
          aquarium_subvault_bridge, aquarium_subvault_wall],
          aquarium_window_fake, aquarium_window_1, aquarium_window_2,
          aquarium_window_fake, aquarium_view_2c, aquarium_balcony_5a,
          aquarium_pool_five, uniq_natasha, uniq_robin
D:3:      layout_loops_ring, kennysheep_okawaru_gauntlet,
          mainiacjoe_overflow_small_starburst
D:4:      layout_cave_pools, nicolae_wu_jian_immortal_techniques,
          vehumet_altar_wand_db, yredelemnul_altar_generic,
          minmay_temple_entry_statues_pillars, serial_shops, shop, shop_coins,
          nicolae_square_shop, nicolae_shop_crystal, kennysheep_potato
D:5:      layout_loops_ring, mainiacjoe_overflow_boulevard,
          lightli_sewer_entry_pipes, minmay_door_square
D:6:      layout_cave_pods, chequers_serial_rivers_micro_d, uniq_blork_the_orc
D:7:      cheibrodos_helix_gallery, layout_rooms, marbit_many_paths
D:8:      layout_loops_ring, mainiacjoe_overflow_alcove_1, kennysheep_mini_moat,
          zin_statuary, lair_entry_dummy
D:9:      layout_cave_pools, mainiacjoe_overflow_alcove_2,
          nicolae_overflow_crystal_walls,
          mainiacjoe_overflow_concentric_impassable
D:10:     layout_irregular_city, lemuel_mausoleum_altar_kikubaaqudgha,
          lemuel_blue_sif_altar
Temple:   hellmonk_temple_two_chambers
Lair:1:   layout_cellular_growth, chequers_serial_rivers_micro_e,
          pdpol_lair_neglected_garden, cheibrodos_lair_lostbears
Lair:2:   layout_loops_ring, minmay_shoals_entry_beasts,
          guppyfry_snake_entry_island, gauntlet_entry_generic,
          guppyfry_lair_drakes, uniq_nergalle
Gauntlet: minmay_gauntlet_mixed_oops_all_seconds
          [minmay_gauntlet_arena_77_terracotta_army,
          gammafunk_gauntlet_arena_chambers,
          minmay_gauntlet_arena_77_chump_sandwich,
          nicolae_gauntlet_arena_quarters, minmay_gauntlet_arena_77_path,
          gammafunk_gauntlet_arena_split_diamond, gauntlet_exit_watery]

Skill      XL: |  1  2  3  4  5  6  7  8  9 10 11 12 |
---------------+-------------------------------------+-----
Dodging        | 2 3 4 5 6 7 |  7.2
Armour         | 3 4 5 6 7 8 10 | 10.7
Fighting       | 4 5 6 8 9 10 11 | 11.0
Maces & Flails | 4 5 6 7 8 9 10 | 10.1
Evocations     | 1 3 5 6 |  6.0
Shields        | 2 5 6 |  6.8

Action                     |  1- 3 |  4- 6 |  7- 9 | 10-12 || total
---------------------------+-------+-------+-------+-------++-------
  Melee: Mace              |   102 |   128 |       |       ||   230
         Punch             |     1 |     2 |    10 |       ||    13
         Flail             |       |   120 |   513 |   676 ||  1309
 Invoke: Berserk           |       |     1 |     3 |     5 ||     9
  Evoke: Wand              |       |       |       |     6 ||     6
    Use: Scroll            |       |       |     7 |     4 ||    11
         Potion            |       |       |       |     1 ||     1
 Armour: Animal skin       |    55 |    35 |       |       ||    90
         Leather armour    |       |    85 |       |       ||    85
         Skin              |       |     3 |       |       ||     3
         Ring mail         |       |    53 |    89 |       ||   142
         Chain mail        |       |       |   116 |       ||   116
         Plate armour      |       |       |   208 |   685 ||   893
  Dodge: Dodged            |    60 |   147 |   239 |   246 ||   692
  Block: Buckler           |       |       |       |    31 ||    31
         Kite shield       |       |       |       |   204 ||   204
